Match 44387723
Unlisted

Match 44387723
End
Vickers Machine Gun Team
Construct Section Command Post
Selects Heavy Armor Battlegroup
Dingo Light Scout Car
Infantry Section
Infantry Section
Grenade Package
Construct Platoon Command Post
Selects Light Vehicle Withdraw and Refit
Selects Rigorous Vehicle Training
CMP 15cwt Truck
CMP 15cwt Truck
Infantry Section
Unlock Bishop Self-propelled Artillery
Bishop Self-propelled Artillery
Infantry Section
Light Vehicle Training
Bishop Self-propelled Artillery
Selects Radio Net
Construct Company Command Post
Unlock M3 Grant Medium Tanks
Foot Guards Section
Selects Recon Artillery
Recon Artillery
Infantry Training
M3 Grant Medium Tank
CMP 15cwt Truck
torbjornuser
A2O
카츄사
米浴
Duffman™
Kampfstärke
inc.
GANDX
0
0

Comments sign in to comment!

No comments posted yet!